 Dungeon Crawl Stone Soup version 0.31-a0-210-gccc998df9b (webtiles) character file.

Game seed: 1129287011395750282

347 kae the Changer (level 6, 0/43 HPs)
             Began as a Demonspawn Transmuter on June 30, 2023.
             Slain by a phantom (5 damage)
             ... on level 4 of the Dungeon.
             The game lasted 00:04:03 (3446 turns).

kae the Changer (Demonspawn Transmuter)             Turns: 3446, Time: 00:04:03

Health: 0/43       AC:  2    Str: 10    XL:     6   Next: 33%
Magic:  11/11      EV: 12    Int: 16    God:
Gold:   153        SH:  4    Dex: 14    Spells: 1/11 levels left

rFire   . .          .
                       - Unarmed
rCold   . . .        (no shield)
rNeg    . . .        a - +0 robe
rPois   .            (no helmet)
rElec   .            (no cloak)
rCorr   .            (no gloves)
SInv    .            (no boots)
Will    .....        (no amulet)
Stlth   +            (no ring)
HPRegen 0.27/turn    (no ring)
MPRegen 0.12/turn

%: no passive effects
@: no status effects
A: sturdy frame 1, condensation shield
a: no special abilities


You were on level 4 of the Dungeon.
You visited 1 branch of the dungeon, and saw 4 of its levels.

You collected 153 gold pieces.


Innate Abilities, Weirdness & Mutations

Your movements are slightly less encumbered by armour. (ER -2)
A meltable shield of frost defends you. (SH +4)


   Skills:
 - Level 1.0 Fighting
 - Level 1.7 Dodging
 + Level 3.8 Unarmed Combat
 + Level 3.3 Spellcasting
 * Level 4.3 Transmutations
 - Level 2.0 Poison Magic


You had one spell level left.
You knew the following spells:

 Your Spells              Type           Power      Damage    Failure   Level
a - Beastly Appendage     Tmut           32%        N/A       3%          1
b - Wereblood             Tmut           16%        N/A       4%          2
c - Spider Form           Tmut/Pois      12%        N/A       16%         3
d - Ice Form              Ice/Tmut       9%         N/A       58%         4

Your spell library contained the following spells:

 Spells                   Type           Power      Damage    Failure   Level
 Portal Projectile        Hex/Tloc       4%         N/A       47%         3
 Tukima's Dance           Hex            2%         N/A       47%         3
 Blade Hands              Tmut           8%         N/A       65%         5
 Animate Dead             Necr           2%         N/A       87%         4
 Haunt                    Necr/Summ      1%         N/A       100%        7
 Infestation              Necr           1%         N/A       100%        8

Inventory:

Missiles
 d - 6 boomerangs
 e - 21 stones
 f - 3 boomerangs of dispersal {=f!f}
 o - 14 poisoned darts
Armour
 a - a +0 robe (worn)
Wands
 i - a wand of paralysis (12)
   (You took it off Ijyb on level 3 of the Dungeon)
Scrolls
 h - a scroll of teleportation {@r4}
Potions
 b - 2 potions of lignification {!q}
 g - 2 potions of heal wounds {@q2}
 j - 4 potions of attraction {unknown}
 k - 2 potions of curing {@q1}
 l - a potion of invisibility {unknown}
 n - a potion of brilliance {unknown}
 r - a potion of mutation {!q}

Dungeon Overview and Level Annotations

Branches:
Dungeon (4/15) Zot: 20545
 Temple: D:4-7

Altars:

Annotations:
D:2 Sigmund

.. #.. .## ####.#
.$..###### #..#.#
#........# #.##.#
#........###.##.###
#.......<....W#...#
##########....@...#
#...<))...##w.##
#.######.###..+ #.#
#..# #.# #.## ..#
..# ..# w.# ...#
..# ... ....


You could see a phantom and a worm.


Message History

You barely miss the hobgoblin.
A goblin comes into view. It is wielding a +0 dagger.
The hobgoblin drinks a potion.
The hobgoblin is healed!
The hobgoblin looks more healthy.
There are monsters nearby!
You hit the hobgoblin.
The hobgoblin is poisoned.
You kill the hobgoblin!
The goblin barely misses you.
Things that are here:
a +2 short sword of venom; a scorpion corpse
There are monsters nearby!
You hit the goblin.
The goblin is poisoned.
The goblin hits you with a +0 dagger.
You hit the goblin.
You kill the goblin!
A hobgoblin is nearby! 😕 HP[-3]
You take 3 damage, and now have 40/43 hp.
You hit the hobgoblin.
You kill the hobgoblin!
No target in view!
A phantom comes into view. 😕 HP[+1] MP[+1]
You block the phantom's attack.
Things that are here:
a +0 dagger; a hobgoblin corpse; a goblin corpse You hit the phantom but do no damage.
The phantom hits you.
A phantom is nearby! 😕 HP[-4]
You take 4 damage, and now have 37/43 hp.
A phantom is nearby!
Unknown command.
A phantom is nearby!
You hit the phantom. The phantom hits you.
You hit the phantom but do no damage. The phantom hits you.
The phantom blinks!
You blink.
Found 12 gold pieces.
Found a stone staircase leading up. 😮 HP[-7]
You take 7 damage, and now have 30/43 hp.
A phantom is nearby!
A phantom is nearby!
You are too injured to fight recklessly!
You are too injured to fight recklessly!
You are too injured to fight recklessly!
You are too injured to fight recklessly!
You are too injured to fight recklessly!
You are too injured to fight recklessly!
Unknown command.
You hit the phantom. The phantom hits you. 😮 HP[-5]
You take 5 damage, and now have 25/43 hp.
You barely miss the phantom.
Your transformation is almost over.
The phantom hits you but does no damage. 😮 HP[+1] MP[+1]
You barely miss the phantom. The phantom hits you.
The phantom blinks!
You blink. 😮 HP[-2]
You take 2 damage, and now have 24/43 hp.
The phantom hits you!
* * * LOW HITPOINT WARNING * * *
The phantom blinks!
You blink.
A worm comes into view. 😨 HP[-7]
You take 7 damage, and now have 17/43 hp.
Unknown command.
You closely miss the phantom.
Unknown command.
You bite the phantom! The phantom hits you.
* * * LOW HITPOINT WARNING * * *
The phantom blinks!
You blink. 😨 HP[-4]
You take 4 damage, and now have 13/43 hp.
The phantom hits you.
* * * LOW HITPOINT WARNING * * *
😱 HP[-6]
You take 6 damage, and now have 7/43 hp.
The phantom barely misses you.
Unknown command.
You hit the phantom. The phantom closely misses you.
You hit the phantom but do no damage.
The phantom closely misses you. 😱 HP[+1] Unknown command.
You hit the phantom but do no damage. The phantom misses you. 😱 MP[+1]
Your mp is fully restored (11).
Unknown command.
You hit the phantom. You block the phantom's attack.
Unknown command.
You barely miss the phantom.
Your transformation has ended.
Your +0 robe unmelds from your body.
The phantom hits you.
* * * LOW HITPOINT WARNING * * *
😱 HP[-4]
You take 4 damage, and now have 4/43 hp.
Unknown command.
You closely miss the phantom. The phantom hits you.
You die...

Skill      XL: |  1  2  3  4  5 |
---------------+----------------+-----
Transmutations | 2 3 4 |  4.3
Unarmed Combat | 3 |  3.8
Poison Magic   | 1 2 |  2.0
Spellcasting   | 3 |  3.3
Fighting       | |  1.0
Dodging        | |  1.7

Action                     |  1- 3 |  4- 6 || total
---------------------------+-------+-------++-------
  Melee: Unarmed           |   129 |   113 ||   242
         Headbutt          |    17 |     8 ||    25
         Kick              |    31 |     7 ||    38
         Punch             |     1 |       ||     1
   Cast: Beastly Appendage |    30 |    11 ||    41
         Spider Form       |     4 |    10 ||    14
         Wereblood         |       |     1 ||     1
    Use: Scroll            |     7 |     4 ||    11
         Potion            |       |     2 ||     2
 Armour: Robe              |    19 |     6 ||    25
         Skin              |       |     5 ||     5
  Dodge: Dodged            |    89 |    81 ||   170
  Block: Other             |     9 |    16 ||    25

Levels and vault maps discovered:
D:1:      psy_arrival_radial02, layout_rooms, minmay_pentomino_z4
D:2:      layout_loops_ring, chequers_serial_rivers_small_b, uniq_sigmund
D:3:      kennysheep_six_static_rooms, layout_rooms,
          dreamdust_ecumenical_altar_drowned_temple, grunt_ministairs_9,
          kennysheep_pointless_box, serial_bayou_lagoon_b, uniq_ijyb
D:4:      corexii_shantytown, layout_rooms, vehumet_altar_wand_db,
          fedhas_altar_2

Notes
Turn   | Place    | Note
-------+----------+-------------------------------------------
     0 | D:1      | kae the Demonspawn Transmuter began the quest for the Orb.
     0 | D:1      | Reached XP level 1. HP: 15/15 MP: 3/3
     0 | D:1      | magus.rc [v1.11.3]
    82 | D:1      | Reached skill level 2 in Transmutations
   185 | D:1      | Gained mutation: Your movements are slightly less
                  | encumbered by armour. (ER -2) [demonic ancestry]
   185 | D:1      | Reached XP level 2. HP: 7/21 MP: 3/5
   443 | D:1      | Reached skill level 3 in Unarmed Combat
   473 | D:1      | Learned a level 2 spell: Wereblood
   674 | D:1      | Gained mutation: A meltable shield of frost defends you.
                  | (SH +4) [demonic ancestry]
   674 | D:1      | Reached XP level 3. HP: 24/26 MP: 4/6
   686 | D:1      | Learned a level 3 spell: Spider Form
  1059 | D:2      | Identified the scarf of the Game of Life {rC+ rF+, Dex+6
                  | Slay+3}
  1252 | D:2      | Noticed Sigmund
  1301 | D:2      | You pick up a book of Death and begin reading...
  1301 | D:2      | You add the spells Animate Dead, Haunt and Infestation to
                  | your library.
  1706 | D:3      | Noticed Ijyb
  1829 | D:3      | Reached skill level 1 in Poison Magic
  1963 | D:2      | Reached skill level 3 in Transmutations
  1963 | D:2      | Reached XP level 4. HP: 11/32 MP: 3/7
  2173 | D:3      | Killed Ijyb
  2366 | D:3      | Reached skill level 2 in Poison Magic
  2366 | D:3      | Reached XP level 5. HP: 31/37 MP: 7/9
  2411 | D:3      | Found a faded altar of an unknown god.
  2809 | D:3      | You pick up a book of Weapons and begin reading...
  2809 | D:3      | You add the spells Tukima's Dance, Portal Projectile and
                  | Blade Hands to your library.
  2829 | D:3      | Noticed an orc warrior
  2955 | D:3      | HP: 9/37 [orc warrior/+0 scimitar (12)]
  2962 | D:3      | Killed an orc warrior
  2963 | D:3      | Reached skill level 3 in Spellcasting
  2972 | D:3      | HP: 7/37 [something/puff of flame (5)]
  2978 | D:3      | Reached skill level 4 in Transmutations
  2978 | D:3      | Reached XP level 6. HP: 7/43 MP: 6/10
  3091 | D:3      | Learned a level 4 spell: Ice Form
  3439 | D:4      | HP: 7/43 [phantom (6)]
  3445 | D:4      | HP: 4/43 [phantom (4)]
  3446 | D:4      | Slain by a phantom

Vanquished Creatures
  An orc warrior (D:3)
  A scorpion (D:4)
  Ijyb (D:3)
  An orc wizard (D:3)
  5 gnolls
  3 worms
  3 dart slugs
  4 orcs (D:3)
  3 ball pythons
  5 endoplasms
  3 giant cockroaches
  18 hobgoblins
  8 jackals
  3 quokkas
  6 bats
  4 frilled lizards
  2 goblins
  4 kobolds
  A rat (D:3)
  A spectral goblin (D:3)
77 creatures vanquished.

Table legend:
 A = Non-vault XP
 B = Vault XP
 C = Vault XP percentage of total XP
 D = Non-vault monster count
 E = Vault monster count
 F = Vault count percentage of total count
                 A         B        C        D         E       F
            +---------+---------+-------+---------+---------+-------
      Total |     257 |     240 |  48.3 |      60 |      17 |  22.1
            +---------+---------+-------+---------+---------+-------
        D:1 |      43 |       5 |  10.4 |      23 |       3 |  11.5
        D:2 |      74 |       0 |   0.0 |      16 |       0 |   0.0
        D:3 |      47 |     235 |  83.3 |      17 |      14 |  45.2
        D:4 |      93 |       0 |   0.0 |       4 |       0 |   0.0
            +---------+---------+-------+---------+---------+-------

Skill      XL: |  1  2  3  4  5 |
---------------+----------------+-----
Transmutations | 2 3 4 |  4.3
Unarmed Combat | 3 |  3.8
Poison Magic   | 1 2 |  2.0
Spellcasting   | 3 |  3.3
Fighting       | |  1.0
Dodging        | |  1.7

Action                     |  1- 3 |  4- 6 || total
---------------------------+-------+-------++-------
  Melee: Unarmed           |   129 |   113 ||   242
         Headbutt          |    17 |     8 ||    25
         Kick              |    31 |     7 ||    38
         Punch             |     1 |       ||     1
   Cast: Beastly Appendage |    30 |    11 ||    41
         Spider Form       |     4 |    10 ||    14
         Wereblood         |       |     1 ||     1
    Use: Scroll            |     7 |     4 ||    11
         Potion            |       |     2 ||     2
 Armour: Robe              |    19 |     6 ||    25
         Skin              |       |     5 ||     5
  Dodge: Dodged            |    89 |    81 ||   170
  Block: Other             |     9 |    16 ||    25

Illustrated notes

Table legend:
 A = Kills in this place as a percentage of kills in the entire game.
 B = Kills by you in this place as a percentage of kills by you in the entire game.
 C = Kills by friends in this place as a percentage of kills by friends in the entire game.
 D = Other kills in this place as a percentage of other kills in the entire game.
 E = Experience gained in this place as a percentage of experience gained in the entire game.
 F = Experience gained in this place divided by the number of levels of this place that you have seen.
                   A       B       C       D       E      F
               +-------+-------+-------+-------+-------+----------------------
         Total | 100.0 | 100.0 |   N/A |   N/A | 100.0 | 124.2
       Dungeon | 100.0 | 100.0 |   N/A |   N/A | 100.0 | 124.2
               +-------+-------+-------+-------+-------+----------------------

Table legend: (Time is in decaauts)
 A = Elapsed time spent in this place.
 B = Non-inter-level travel time spent in this place.
 C = Inter-level travel time spent in this place.
 D = Time resting spent in this place.
 E = Time spent auto-exploring this place.
 F = Levels seen in this place.
 G = Mean time per level.
                   A        B        C        D        E       F      G
               +--------+--------+--------+--------+--------+-----+--------+
         Total |   3453 |   3384 |     69 |    212 |   2508 |   4 |  863.2 |
       Dungeon |   3453 |   3384 |     69 |    212 |   2508 |   4 |  863.2 |
               +--------+--------+--------+--------+--------+-----+--------+

Top non-repeatable levels by time:
     D:3: 1456 daAuts
     D:2: 1048 daAuts
     D:1: 886 daAuts
     D:4: 61 daAuts
